 Dungeon Crawl Stone Soup version 0.30-a0-122-g2a1322497e (webtiles) character file.

Game seed: 13275920097562437856

416 ragingrage the Insei (level 6, -1/47 HPs)
             Began as a Demonspawn Wanderer on Sept 15, 2022.
             Slain by an adder (3 damage)
             ... on level 5 of the Dungeon.
             The game lasted 00:04:09 (3264 turns).

ragingrage the Insei (Demonspawn Wanderer)          Turns: 3264, Time: 00:04:10

Health: -1/47      AC:  0    Str: 14    XL:     6   Next: 60%
Magic:  6/6        EV: 12    Int: 12    God:
Gold:   68         SH:  0    Dex: 22    Spells: 5/5 levels left

rFire   + . .      SeeInvis +    e - +6 war axe "Tiawkaar" {vorpal, rF+ rCorr}
rCold   . . .      Faith    .    (no shield)
rNeg    . . .      Spirit   .    o - +0 ring mail
rPois   .          Reflect  .    v - +2 hat
rElec   .          Harm     .    m - scarf {repulsion}
rCorr   +          Rampage  .    c - +0 pair of gloves
Will    .....                    (no boots)
Stlth   ++........               (no amulet)
HPRegen 0.15/turn                q - ring of see invisible
MPRegen 0.10/turn                t - +6 ring of dexterity

@: lethally poisoned (-1 -> -8), corroded, repel missiles
A: thin skeletal structure 1, ignite blood 1
a: no special abilities


You were on level 5 of the Dungeon.
You visited 1 branch of the dungeon, and saw 5 of its levels.

You collected 164 gold pieces.
You spent 96 gold pieces at shops.

Inventory:

Hand Weapons
 a - a +0 dagger
 e - the +6 war axe "Tiawkaar" (weapon) {vorpal, rF+ rCorr}
   (You found it on level 2 of the Dungeon)

   It inflicts extra damage upon your enemies.
   rF:        It protects you from fire.
   rCorr:     It protects you from acid and corrosion.
Missiles
 p - 11 poisoned darts (quivered)
Armour
 c - a +0 pair of gloves (worn)
 m - a scarf of repulsion (worn)
 o - a +0 ring mail (worn)
 v - a +2 hat (worn)
Jewellery
 q - a ring of see invisible (left hand)
 t - a +6 ring of dexterity (right hand)
 x - a +6 ring of strength
Wands
 f - a wand of mindburst (7)
 u - a wand of flame (25)
Scrolls
 b - 2 scrolls of butterflies
 d - a scroll of fear
 g - a scroll of magic mapping {unknown}
 h - 3 scrolls of identify {unknown}
 n - a scroll of poison {unknown}
 w - a scroll of blinking
Potions
 i - 3 potions of lignification {unknown}
 j - 3 potions of curing
 k - a potion of mutation {unknown}
 l - a potion of resistance {unknown}
 r - 4 potions of heal wounds
 s - a potion of degeneration {unknown}


   Skills:
 + Level 3.0 Fighting
 + Level 2.4 Armour
 - Level 2.6 Dodging
 + Level 5.6 Unarmed Combat
 - Level 3.0 Evocations


You had 5 spell levels left.
You didn't know any spells.
Your spell library contained the following spells:

 Spells                   Type           Power      Damage    Failure   Level
 Gell's Gravitas          Tloc           0%         N/A       89%         3
 Ignite Poison            Fire/Tmut/Pois 0%         N/A       89%         3
 Lesser Beckoning         Tloc           0%         N/A       89%         3
 Teleport Other           Tloc           0%         N/A       89%         3
 Sticky Flame             Conj/Fire      0%         2d3       100%        4


Dungeon Overview and Level Annotations

Branches:
Dungeon (5/15)
 Temple: D:4-7

Altars:

Shops:
D:1 !   D:4 !([[(


Innate Abilities, Weirdness & Mutations

You have a somewhat thin skeletal structure. (Dex +2, Stealth+)
Your demonic aura sometimes causes spilled blood to erupt in flames.


Message History

You kill the jelly!
The jelly hits you.
You are splashed with acid.
You resist. The jelly barely misses you.
You are too injured to fight recklessly!
You hit the jelly.
Your hands burn!
* * * LOW HITPOINT WARNING * * *
The jelly is almost dead.
The jelly hits you.
* * * LOW HITPOINT WARNING * * *
You are splashed with acid.
You resist.
* * * LOW HITPOINT WARNING * * *
You slash the jelly!
You kill the jelly!
You hit the adder but do no damage. The adder closely misses you.
The adder bites you.
* * * LOW HITPOINT WARNING * * *
Your Fighting skill increases to level 3!
You completely miss the adder. The adder misses you. The adder bites you.
* * * LOW HITPOINT WARNING * * *
You hit the adder but do no damage. The adder bites you.
* * * LOW HITPOINT WARNING * * *
The adder closely misses you.
You feel much better. The adder closely misses you.
You closely miss the adder. The adder bites you.
* * * LOW HITPOINT WARNING * * *
You are poisoned.
The adder poisons you! The adder bites you.
* * * LOW HITPOINT WARNING * * *
You are lethally poisoned!
The adder poisons you!
You closely miss the adder.
* * * LOW HITPOINT WARNING * * *
You feel very sick. The adder completely misses you.
The adder closely misses you.
You hit the adder.
The adder is lightly wounded.
* * * LOW HITPOINT WARNING * * *
You feel very sick. The adder bites you.
You die...

#?.....#... .
#.......... ..
#..........
.##..........
............
#..........
#####..........
.......@.......
#.......S......
#..............
#........#.....
#........#.....
#......!.# ....
.........# ...
.........# ...


You could see an adder.

Vanquished Creatures
  An ogre (D:4)
  A hound (D:4)
  An orc priest (D:4)
  3 jellies (D:5)
  An iguana (D:4)
  Robin (D:3)
  4 adders
  5 worms
  5 dart slugs
  5 orcs
  4 ball pythons
  4 bats (D:1)
  3 endoplasms
  2 giant cockroaches
  15 goblins
  11 hobgoblins
  7 kobolds
  A quokka (D:3)
  5 frilled lizards
  6 rats
85 creatures vanquished.

Notes
Turn   | Place    | Note
-------+----------+-------------------------------------------
     0 | D:1      | ragingrage the Demonspawn Wanderer began the quest for the
                  | Orb.
     0 | D:1      | ragingrage set off with the following items: a +0 dagger, a
                  | scroll of butterflies, a +0 pair of gloves, a scroll of
                  | fear, a +0 robe, a wand of mindburst (11).
     0 | D:1      | Reached XP level 1. HP: 15/15 MP: 1/1
   139 | D:1      | Reached skill level 3 in Unarmed Combat
   142 | D:1      | Found Fonoux Dicuo's Distillery.
   151 | D:1      | Gained mutation: Your demonic aura sometimes causes spilled
                  | blood to erupt in flames. [demonic ancestry]
   151 | D:1      | Reached XP level 2. HP: 18/21 MP: 2/2
   921 | D:1      | Reached XP level 3. HP: 26/26 MP: 3/3
  1156 | D:2      | Reached skill level 4 in Unarmed Combat
  1624 | D:2      | Gained mutation: You have a somewhat thin skeletal
                  | structure. (Dex +2, Stealth+) [demonic ancestry]
  1624 | D:2      | Reached XP level 4. HP: 22/32 MP: 4/4
  1824 | D:2      | Identified the +6 war axe "Tiawkaar" {vorpal, rF+ rCorr}
  1954 | D:3      | Noticed Robin
  1959 | D:3      | Killed Robin
  2153 | D:3      | Reached skill level 5 in Unarmed Combat
  2576 | D:4      | Found Xothri's Weapon Boutique.
  2577 | D:4      | Noticed an ogre
  2588 | D:4      | Found Uti Iwoo's Armour Emporium.
  2608 | D:4      | Killed an ogre
  2609 | D:4      | Reached skill level 1 in Armour
  2609 | D:4      | Reached XP level 5. HP: 38/38 MP: 5/5
  2673 | D:4      | Found Weatot Xamuy's Antique Armour Shop.
  2706 | D:4      | Reached XP level 6. HP: 46/46 MP: 6/6
  2889 | D:4      | Found Focaw's Antique Weapon Shop.
  3122 | D:4      | Found Kiasi's Distillery.
  3130 | D:4      | Bought a potion of heal wounds for 60 gold pieces
  3130 | D:4      | Bought a potion of curing for 36 gold pieces
  3247 | D:5      | Entered Level 5 of the Dungeon
  3264 | D:5      | HP: 2/47 [poisoned by an adder]
  3264 | D:5      | Slain by an adder

Illustrated notes

Levels and vault maps discovered:
D:1:      amcnicky_arrival_single_pillar, layout_rooms, serial_shops, shop,
          minmay_heptomino_o4
D:2:      layout_basic
D:3:      layout_rooms, uniq_robin
D:4:      layout_basic, serial_shops, nicolae_stop_n_shop_1, nicolae_shop_stone,
          nicolae_take_the_stairs, shop, nicolae_shop_advertising_works
          [nicolae_subvault_shop_adworks], serial_bayou_ford_a
D:5:      lemuel_insect_pit, layout_rooms, lemuel_temple_firewalk_b,
          minmay_fire_ice_demons

Skill      XL: |  1  2  3  4  5  6 |
---------------+-------------------+-----
Unarmed Combat | 3 4 5 |  5.6
Fighting       | 2 3 |  3.0
Armour         | 1 2 |  2.4
Dodging        | |  2.6
Evocations     | |  3.0

Action                   |  1- 3 |  4- 6 || total
-------------------------+-------+-------++-------
Melee: Unarmed           |   119 |     1 ||   120
       Punch             |     3 |     1 ||     4
       War axe           |       |    77 ||    77
Evoke: Wand              |     1 |     3 ||     4
  Use: Scroll            |       |     1 ||     1
       Potion            |       |     1 ||     1
 Stab: Sleeping          |     1 |     1 ||     2
Armor: Robe              |    29 |       ||    29
       Ring mail         |     4 |    24 ||    28
Dodge: Dodged            |    78 |    56 ||   134

Table legend: (Time is in decaauts)
 A = Elapsed time spent in this place.
 B = Non-inter-level travel time spent in this place.
 C = Inter-level travel time spent in this place.
 D = Time resting spent in this place.
 E = Time spent auto-exploring this place.
 F = Levels seen in this place.
 G = Mean time per level.
                   A        B        C        D        E       F      G
               +--------+--------+--------+--------+--------+-----+--------+
         Total |   3303 |   3201 |    102 |    393 |   2180 |   5 |  660.6 |
       Dungeon |   3303 |   3201 |    102 |    393 |   2180 |   5 |  660.6 |
               +--------+--------+--------+--------+--------+-----+--------+

Top non-repeatable levels by time:
     D:1: 1145 daAuts
     D:2: 856 daAuts
     D:4: 710 daAuts
     D:3: 568 daAuts
     D:5: 21 daAuts
